BSA
MADISON BOMBERS @ ST. LOUIS BROWNS
05/05/2024
 
TOP OF THE 1ST
Madison Bombers batting - Pitching for St. Louis Browns : RHP Armando Avilés
Pitching: RHP Armando Avilés
Batting: LHB Robin Hill 0-0: Called Strike
0-1: Ball
1-1: Bunt for hit - play at first, batter OUT! 1-3
Batting: RHB Sergio Márquez 0-0: Ball
1-0: Fly out, F7 (Flyball, 78D)
Batting: LHB Seung-chun Mun 0-0: Ball
1-0: Ball
2-0: Called Strike
2-1: Ball
3-1: Called Strike
3-2: Base on Balls
Batting: LHB Sixto Cantú 0-0: Called Strike
0-1: Ball
1-1: Fly out, F9 (Flyball, 89D)
Top of the 1st over - 0 run(s), 0 hit(s), 0 error(s), 1 left on base; Madison 0 - St. Louis 0
BOTTOM OF THE 1ST
St. Louis Browns batting - Pitching for Madison Bombers : RHP Jeong Pak
Pitching: RHP Jeong Pak
Batting: LHB Joe Sanders 0-0: Swinging Strike
0-1: Swinging Strike
0-2: Ball
1-2: Foul Ball, location: 2F
1-2: Foul Ball, location: 2F
1-2: Ground out 4-3 (Groundball, 4)
Batting: LHB Héctor Núñez 0-0: Ball
1-0: Called Strike
1-1: Foul Ball, location: 2F
1-2: Foul Ball, location: 2F
1-2: Fly out, F7 (Flyball, 7LM)
Batting: LHB Mario García 0-0: DOUBLE (Line Drive, 56)
Batting: RHB Mario Rosales 0-0: Foul Ball, location: 2F
0-1: Foul Ball, location: 2F
0-2: Ball
1-2: Fly out, F8 (Line Drive, 78D)
Bottom of the 1st over - 0 run(s), 1 hit(s), 0 error(s), 1 left on base; Madison 0 - St. Louis 0
TOP OF THE 2ND
Madison Bombers batting - Pitching for St. Louis Browns : RHP Armando Avilés
Batting: LHB Dave Williams 0-0: Called Strike
0-1: Ground out 6-3 (Groundball, 6M)
Batting: SHB Derek Roach 0-0: Called Strike
0-1: Ball
1-1: Fly out, F7 (Flyball, 7M)
Batting: LHB José Santos 0-0: Ball
1-0: Ball
2-0: Called Strike
2-1: Swinging Strike
2-2: Ground out 5-3 (Groundball, 5S)
Top of the 2nd over - 0 run(s), 0 hit(s), 0 error(s), 0 left on base; Madison 0 - St. Louis 0
BOTTOM OF THE 2ND
St. Louis Browns batting - Pitching for Madison Bombers : RHP Jeong Pak
Batting: LHB Clinton Clark 0-0: Called Strike
0-1: Ground out 4-3 (Groundball, 4M)
Batting: LHB Jorge Torres 0-0: Ball
1-0: Ball
2-0: SINGLE (Line Drive, 56)
Batting: RHB R.J. Parker 0-0: Foul Ball, location: 2F
0-1: Fly out, F6 (Popup, 5DF)
Batting: LHB Víctor Hernández 0-0: Swinging Strike
0-1: Ball
1-1: DOUBLE (Line Drive, 9LM)
Jorge Torres to third
Runner from 3rd tries for Home, SAFE, throw made home
Batting: RHB Will Brown 0-0: Called Strike
0-1: Ball
1-1: Foul Ball, location: 2F
1-2: Ball
2-2: Foul Ball, location: 2F
2-2: Foul Ball, location: 2F
2-2: Strikes out swinging
Bottom of the 2nd over - 1 run(s), 2 hit(s), 0 error(s), 1 left on base; Madison 0 - St. Louis 1
TOP OF THE 3RD
Madison Bombers batting - Pitching for St. Louis Browns : RHP Armando Avilés
Batting: LHB Keith Tillman 0-0: Called Strike
0-1: Ball
1-1: SOLO HOME RUN (Flyball, 9LD), Distance : 352 ft
Batting: RHB Edward Franks 0-0: Foul Ball, location: 2F
0-1: Foul Ball, location: 2F
0-2: Ball
1-2: Strikes out swinging
Batting: LHB Robin Hill 0-0: Ball
1-0: Called Strike
1-1: Ball
2-1: Ball
3-1: Ground out 4-3 (Groundball, 4M)
Batting: RHB Sergio Márquez 0-0: Called Strike
0-1: Ball
1-1: Ground out 5-3 (Groundball, 5)
Top of the 3rd over - 1 run(s), 1 hit(s), 0 error(s), 0 left on base; Madison 1 - St. Louis 1
BOTTOM OF THE 3RD
St. Louis Browns batting - Pitching for Madison Bombers : RHP Jeong Pak
Batting: LHB Joe Sanders 0-0: Called Strike
0-1: Foul Ball, location: 2F
0-2: Ball
1-2: Ball
2-2: Foul Ball, location: 2F
2-2: Ground out 4-3 (Groundball, 4)
Batting: LHB Héctor Núñez 0-0: Ground out 6-3 (Groundball, 6M)
Batting: LHB Mario García 0-0: Ball
1-0: Ball
2-0: Ball
3-0: Called Strike
3-1: Called Strike
3-2: Foul Ball, location: 2F
3-2: Foul Ball, location: 2F
3-2: Ground out 6-3 (Groundball, 6M)
Bottom of the 3rd over - 0 run(s), 0 hit(s), 0 error(s), 0 left on base; Madison 1 - St. Louis 1
TOP OF THE 4TH
Madison Bombers batting - Pitching for St. Louis Browns : RHP Armando Avilés
Batting: LHB Seung-chun Mun 0-0: Ball
1-0: Fly out, F3 (Popup, 3F)
Batting: LHB Sixto Cantú 0-0: Called Strike
0-1: Called Strike
0-2: Ball
1-2: Strikes out swinging
Batting: LHB Dave Williams 0-0: Ball
1-0: Called Strike
1-1: Called Strike
1-2: Ground out 1-3 (Groundball, 15)
Top of the 4th over - 0 run(s), 0 hit(s), 0 error(s), 0 left on base; Madison 1 - St. Louis 1
BOTTOM OF THE 4TH
St. Louis Browns batting - Pitching for Madison Bombers : RHP Jeong Pak
Batting: RHB Mario Rosales 0-0: Ball
1-0: Ball
2-0: Ball
3-0: Base on Balls
Batting: LHB Clinton Clark 0-0: Called Strike
0-1: Foul Ball, location: 2F
0-2: Strikes out swinging
Batting: LHB Jorge Torres 0-0: Called Strike
0-1: Called Strike
0-2: Ball
Mario Rosales is caught stealing 2nd base
1-2: DOUBLE (Flyball, 8LD)
Batting: RHB R.J. Parker 0-0: Ball
1-0: Swinging Strike
1-1: Foul Ball, location: 2F
1-2: Strikes out swinging
Bottom of the 4th over - 0 run(s), 1 hit(s), 0 error(s), 1 left on base; Madison 1 - St. Louis 1
TOP OF THE 5TH
Madison Bombers batting - Pitching for St. Louis Browns : RHP Armando Avilés
Batting: SHB Derek Roach 0-0: Called Strike
0-1: Ball
1-1: Ground out 5-3 (Groundball, 56S)
Batting: LHB José Santos 0-0: Fly out, F2 (Popup, 2RF)
Batting: LHB Keith Tillman 0-0: Ground out 4-3 (Groundball, 4)
Top of the 5th over - 0 run(s), 0 hit(s), 0 error(s), 0 left on base; Madison 1 - St. Louis 1
BOTTOM OF THE 5TH
St. Louis Browns batting - Pitching for Madison Bombers : RHP Jeong Pak
Batting: LHB Víctor Hernández 0-0: Called Strike
0-1: Ball
1-1: Foul Ball, location: 2F
1-2: Foul Ball, location: 2F
1-2: Foul Ball, location: 2F
1-2: Ball
2-2: Ball
3-2: Foul Ball, location: 2F
3-2: Foul Ball, location: 2F
3-2: Foul Ball, location: 2F
3-2: Fly out, F7 (Flyball, 7LMF)
Batting: RHB Will Brown 0-0: Called Strike
0-1: Foul Ball, location: 2F
0-2: Foul Ball, location: 2F
0-2: Strikes out swinging
Batting: LHB Joe Sanders 0-0: Ball
1-0: Ball
2-0: Swinging Strike
2-1: Ball
3-1: Foul Ball, location: 2F
3-2: SINGLE (Groundball, 3D)
Batting: LHB Héctor Núñez 0-0: Ball
1-0: Ball
2-0: Swinging Strike
2-1: Foul Ball, location: 2F
2-2: Fly out, F8 (Flyball, 8RXD)
Bottom of the 5th over - 0 run(s), 1 hit(s), 0 error(s), 1 left on base; Madison 1 - St. Louis 1
TOP OF THE 6TH
Madison Bombers batting - Pitching for St. Louis Browns : RHP Armando Avilés
Batting: RHB Edward Franks 0-0: Called Strike
0-1: Swinging Strike
0-2: Strikes out swinging
Batting: LHB Robin Hill 0-0: Ball
1-0: Ball
2-0: Ground out 6-3 (Groundball, 6M)
Batting: RHB Sergio Márquez 0-0: Ground out 1-3 (Groundball, 13S)
Top of the 6th over - 0 run(s), 0 hit(s), 0 error(s), 0 left on base; Madison 1 - St. Louis 1
BOTTOM OF THE 6TH
St. Louis Browns batting - Pitching for Madison Bombers : RHP Jeong Pak
Batting: LHB Mario García 0-0: Called Strike
0-1: Called Strike
0-2: Ball
1-2: Ground out U3 (Groundball, 3L)
Batting: RHB Mario Rosales 0-0: Ball
1-0: Fly out, F7 (Flyball, 78M)
Batting: LHB Clinton Clark 0-0: Foul Ball, location: 2F
0-1: Foul Ball, location: 2F
0-2: Strikes out swinging
Bottom of the 6th over - 0 run(s), 0 hit(s), 0 error(s), 0 left on base; Madison 1 - St. Louis 1
TOP OF THE 7TH
Madison Bombers batting - Pitching for St. Louis Browns : RHP Armando Avilés
Batting: LHB Seung-chun Mun 0-0: Swinging Strike
0-1: Ball
1-1: Ball
2-1: Called Strike
2-2: Ground out 4-3 (Groundball, 4M)
Batting: LHB Sixto Cantú 0-0: Foul Ball, location: 2F
0-1: Foul Ball, location: 2F
0-2: Strikes out swinging
Batting: LHB Dave Williams 0-0: Foul Ball, location: 2F
0-1: Ball
1-1: Called Strike
1-2: Ball
2-2: Foul Ball, location: 2F
2-2: Foul Ball, location: 2F
2-2: Fly out, F7 (Flyball, 7S)
Top of the 7th over - 0 run(s), 0 hit(s), 0 error(s), 0 left on base; Madison 1 - St. Louis 1
BOTTOM OF THE 7TH
St. Louis Browns batting - Pitching for Madison Bombers : RHP Jeong Pak
Pitching: LHP Tim Wilson
Batting: LHB Jorge Torres 0-0: Ball
1-0: Ball
2-0: Called Strike
2-1: SOLO HOME RUN (Flyball, 89XD), Distance : 374 ft
Batting: RHB R.J. Parker 0-0: Swinging Strike
0-1: Ball
1-1: Called Strike
1-2: Ball
2-2: Foul Ball, location: 2F
2-2: Ball
3-2: Foul Ball, location: 2F
3-2: Foul Ball, location: 2F
3-2: SINGLE (Line Drive, 8LS)
Batting: LHB Víctor Hernández 0-0: Sac Bunt - play at first, batter OUT! 5-4
R.J. Parker to second
Batting: RHB Will Brown 0-0: Intentional Walk
Batting: LHB Joe Sanders 0-0: Called Strike
0-1: Ball
1-1: Ball
2-1: Fly out, F9 (Popup, 89S)
Pinch Hitting: RHB Arturo Rodríguez 0-0: Ball
1-0: Foul Ball, location: 2F
1-1: Swinging Strike
1-2: Foul Ball, location: 2F
1-2: Fly out, F9 (Flyball, 9M)
Bottom of the 7th over - 1 run(s), 2 hit(s), 0 error(s), 2 left on base; Madison 1 - St. Louis 2
TOP OF THE 8TH
Madison Bombers batting - Pitching for St. Louis Browns : RHP Armando Avilés
Now at 3B: Yoshinori Sasaki
Batting: SHB Derek Roach 0-0: Called Strike
0-1: Called Strike
0-2: Ball
1-2: Foul Ball, location: 2F
1-2: Ball
2-2: Ground out 6-3 (Groundball, 6)
Batting: LHB José Santos 0-0: SINGLE (Groundball, 4MD)
Pinch Hitting: SHB Michael McDonald 0-0: Ground out U3 (Groundball, 3)
José Santos to second
Pinch Hitting: LHB Avery Hopkins 0-0: Ball
1-0: Called Strike
1-1: SINGLE (Line Drive, 34)
José Santos to third
Runner from 3rd tries for Home, SAFE, no throw or cutoff
Batting: LHB Robin Hill 0-0: Foul Ball, location: 2F
0-1: Foul Ball, location: 2F
0-2: Foul Ball, location: 2F
0-2: Foul Ball, location: 2F
0-2: Strikes out swinging
Top of the 8th over - 1 run(s), 2 hit(s), 0 error(s), 1 left on base; Madison 2 - St. Louis 2
BOTTOM OF THE 8TH
St. Louis Browns batting - Pitching for Madison Bombers : LHP Tim Wilson
Now at 2B: Bailey Ramsey
Now at SS: Avery Hopkins
Batting: LHB Mario García 0-0: Ball
1-0: Swinging Strike
1-1: Ball
2-1: Foul Ball, location: 2F
2-2: Foul Ball, location: 2F
2-2: Fly out, F8 (Line Drive, 78D)
Batting: RHB Mario Rosales 0-0: Ball
1-0: Ball
2-0: Ball
3-0: Called Strike
3-1: SINGLE (Flyball, 89S)
Batting: LHB Clinton Clark 0-0: Ball
1-0: Called Strike
1-1: SINGLE (Groundball, 6M)
Mario Rosales to second
Runner from 2nd tries for 3rd, SAFE, no throw or cutoff
Batting: LHB Jorge Torres 0-0: Swinging Strike
0-1: Ball
1-1: SINGLE (Groundball, 34D)
Mario Rosales scores
Clinton Clark to second
Runner from 2nd tries for 3rd, SAFE, throw made to third
Batting: RHB R.J. Parker 0-0: Ball
1-0: 3-RUN HOME RUN (Flyball, 78XD), Distance : 414 ft
Pitching: RHP Ramón Rodríguez
Batting: LHB Víctor Hernández 0-0: Called Strike
0-1: Ball
1-1: Ball
2-1: Foul Ball, location: 2F
2-2: Foul Ball, location: 2F
2-2: Foul Ball, location: 2F
2-2: Ground out 4-3 (Groundball, 4)
Batting: RHB Will Brown 0-0: Called Strike
0-1: Ball
1-1: Ball
2-1: SINGLE (Line Drive, 8RS)
Batting: LHB Joe Sanders 0-0: Ball
1-0: Foul Ball, location: 2F
1-1: Fly out, F6 (Line Drive, 6)
Bottom of the 8th over - 4 run(s), 5 hit(s), 0 error(s), 1 left on base; Madison 2 - St. Louis 6
TOP OF THE 9TH
Madison Bombers batting - Pitching for St. Louis Browns : RHP Armando Avilés
Batting: RHB Sergio Márquez 0-0: Foul Ball, location: 2F
0-1: Ball
1-1: Swinging Strike
1-2: Strikes out swinging
Batting: LHB Seung-chun Mun 0-0: Ball
1-0: Ball
2-0: Ball
3-0: Called Strike
3-1: Called Strike
3-2: Fly out, F8 (Popup, 8LS)
Batting: LHB Sixto Cantú 0-0: Called Strike
0-1: Swinging Strike
0-2: Foul Ball, location: 2F
0-2: Ball
1-2: Strikes out swinging
Top of the 9th over - 0 run(s), 0 hit(s), 0 error(s), 0 left on base; Madison 2 - St. Louis 6
This league is powered by Out of the Park Baseball, the baseball management simulation game for PC, Mac and Linux
Saturday, April 9th, 2016 - OOTP Baseball 16.8 Build 38